 Dungeon Crawl Stone Soup version 0.26.0-15-gc6cd9f7 (webtiles) character file.

Game seed: 11902234911391504439

126 GeorgeSoros the Magician (level 4, 0/24 HPs)
             Began as a Deep Elf Hedge Wizard on Feb 1, 2021.
             Killed from afar by a white imp (6 damage)
             ... with a puff of frost
             ... summoned by Natasha
             ... on level 2 of the Dungeon.
             The game lasted 00:11:39 (2848 turns).

GeorgeSoros the Magician (Deep Elf Hedge Wizard)    Turns: 2848, Time: 00:11:41

Health: 0/24       AC:  2    Str:  7    XL:     4   Next: 83%
Magic:  5/12       EV: 14    Int: 20    God:
Gold:   40         SH:  0    Dex: 14    Spells: 3/11 levels left

rFire    . . .     SeeInvis .   a - +0 dagger
rCold    . . .     Faith    .   (no shield)
rNeg     . . .     Spirit   .   b - +0 robe
rPois    .         Reflect  .   c - +0 hat
rElec    .         Harm     .   (no cloak)
rCorr    .         Rampage  .   (no gloves)
Will     .....                  (no boots)
Stlth    ++........             (no amulet)
HPRegen  0.08/turn              (no ring)
MPRegen  0.13/turn              (no ring)

@: no status effects
A: no striking features
a: no special abilities


You were on level 2 of the Dungeon.
You visited 1 branch of the dungeon, and saw 2 of its levels.

You collected 40 gold pieces.

Inventory:

Hand Weapons
 a - a +0 dagger (weapon)
Armour
 b - a +0 robe (worn)
 c - a +0 hat (worn)
Jewellery
 g - a cursed -4 ring of strength {unknown}
Potions
 d - a potion of haste
 e - a potion of heal wounds
 f - a potion of resistance


   Skills:
 + Level 3.9 Dodging
 - Level 2.4 Stealth
 - Level 4.4 Spellcasting
 + Level 2.8 Conjurations
 + Level 2.8 Summonings
 - Level 2.0 Translocations


You had 3 spell levels left.
You knew the following spells:

 Your Spells              Type           Power        Failure   Level
a - Magic Dart            Conj           60%          3%          1
b - Call Imp              Summ           15%          6%          2
c - Blink                 Tloc           N/A          9%          2
d - Mephitic Cloud        Conj/Pois/Air  8%           26%         3

Your spell library contained the following spells:

 Spells                   Type           Power        Failure   Level
 Slow                     Hex            4%           19%         2
 Conjure Flame            Conj/Fire      10%          21%         3


Dungeon Overview and Level Annotations

Branches:
Dungeon (2/15)

Altars:
Dithmenos
Wu Jian

Annotations:
D:2 Natasha


Message History

The magic dart hits your white imp!
Your white imp dies!
Your crimson imp hits Natasha.
The white imp gestures at you. The puff of frost hits you.
Natasha drinks a potion.
Natasha is healed!
You hit the white imp but do no damage.
Your crimson imp closely misses Natasha.
The white imp hits you. The white imp freezes you.
* * * LOW HITPOINT WARNING * * *
Natasha claws your crimson imp.
Unknown command.
Aiming: Magic Dart (safe; 3% risk of failure)
Press: ? - help, Q - select action, (/) - cycle Shift-Dir - straight line, f - white imp, p - Natasha
Aim: a white imp (summoned, 0% to evade)
The magic dart hits the white imp but does no damage.
The shadow imp disappears in a puff of smoke!
Your crimson imp hits Natasha.
The white imp gestures at you. The puff of frost hits you.
You die...

##### #......#### #####. ....#
#......#..# #.
....##########.........# ###.
##..(........>.......#.# ###...
##....########5§.......#####...##
#..##.# #...#.#h###....##...###
......# #..55.#5# #.##....######
.##...# #..h###.# #.##.#..).....
####..# #...# #@###.##.....#..##
(##...# #...# #5#...#####..#.##
......## #...###...####.......###
#.)....###..............##.##....
##...............#########.#.....
##...........##..# ###.......
.÷....#.##...#..#### #.........
..#...#.######.##..#####.##......
..#...#.# #..##.....##.##......


You could see Natasha, a white imp (summoned) and a friendly crimson imp
(summoned).

Vanquished Creatures
  2 adders (D:2)
  2 dart slugs (D:1)
  3 leopard geckos
  4 bats
  3 giant cockroaches (D:1)
  7 goblins
  3 hobgoblins (D:2)
  A jackal (D:2)
  A ball python (D:2)
  2 frilled lizards (D:1)
  5 kobolds
  6 rats
39 creatures vanquished.

Vanquished Creatures (collateral kills)
  Natasha (twice) (D:2)
  3 adders (D:2)
  2 worms (D:2)
  A dart slug (D:2)
  A leopard gecko (D:2)
  A hobgoblin (D:1)
  A jackal (D:2)
  2 rats (D:2)
13 creatures vanquished.

Grand Total: 52 creatures vanquished

Notes
Turn   | Place    | Note
-------+----------+-------------------------------------------
     0 | D:1      | GeorgeSoros the Deep Elf Hedge Wizard began the quest for
                  | the Orb.
     0 | D:1      | Reached XP level 1. HP: 10/10 MP: 7/7
   361 | D:1      | Reached XP level 2. HP: 15/15 MP: 1/9
   458 | D:1      | Learned a level 2 spell: Call Imp
   461 | D:1      | Learned a level 2 spell: Blink
  1200 | D:1      | Reached XP level 3. HP: 19/19 MP: 2/10
  1308 | D:1      | Learned a level 3 spell: Mephitic Cloud
  2229 | D:2      | Noticed Natasha
  2238 | D:2      | Killed Natasha
  2239 | D:2      | Reached XP level 4. HP: 24/24 MP: 10/12
  2448 | D:2      | Noticed Natasha
  2455 | D:2      | Found a shadowy altar of Dithmenos.
  2455 | D:2      | Killed Natasha
  2726 | D:2      | Found an ornate altar of the Wu Jian Council.
  2826 | D:2      | Noticed Natasha
  2848 | D:2      | Killed from afar by a white imp

Illustrated notes

Levels and vault maps discovered:
D:1:      tarquinn_simple_flora_water_e, layout_basic
D:2:      layout_rooms, general_overflow_altar, nicolae_dithmenos_shadow_blocks,
          serial_curves, eino_curves_03, eino_curves_02, uniq_natasha

Skill      XL: |  1  2  3 |
---------------+----------+-----
Dodging        | 3 |  3.9
Conjurations   | 2 |  2.8
Summonings     | 2 |  2.8
Translocations | 2 |  2.0
Stealth        | |  2.4
Spellcasting   | |  4.4

Action                   |  1- 3 |  4- 6 || total
-------------------------+-------+-------++-------
Melee: Dagger            |     4 |     1 ||     5
 Cast: Magic Dart        |    89 |    28 ||   117
       Call Imp          |     9 |     9 ||    18
  Use: Scroll            |     1 |     3 ||     4
Armor: Robe              |     5 |       ||     5
Dodge: Dodged            |    16 |     4 ||    20
